 Dungeon Crawl Stone Soup version 0.23-a0-550-g7de1f8e (webtiles) character file.

391 tidbits the Caller (level 6, 0/44 HPs)
             Began as a Gnoll Summoner on Dec 9, 2018.
             Was an Initiate of Cheibriados.
             Slain by a wight
             ... wielding a cursed +0 hand axe
              (1 damage)
             ... on level 7 of the Dungeon.
             The game lasted 00:11:05 (1104 turns).

tidbits the Caller (Gnoll Summoner)                 Turns: 1104, Time: 00:11:05

Health: 0/44       AC:  3    Str: 12      XL:     6   Next: 80%
Magic:  11/14      EV: 14    Int: 20      God:    Cheibriados [......]
Gold:   38         SH:  0    Dex: 14 (16) Spells: 5/15 levels left

rFire    + . .     SeeInvis +   a - +2 dagger (holy)
rCold    + . .     Gourm    .   (no shield)
rNeg     . . .     Faith    .   B - +0 robe
rPois    .         Spirit   .   E - +0 helmet
rElec    .         Reflect  .   C - scarf {rC+ rF+}
rCorr    .         Harm     .   (no gloves)
MR       .....                  (no boots)
Stlth    ++........             (no amulet)
HPRegen  0.14/turn              l - ring of see invisible
MPRegen  0.14/turn              (no ring)

@: drained, very slow
A: distributed training, fangs 1, strong nose
a: Bend Time, Renounce Religion


You were on level 7 of the Dungeon.
You worshipped Cheibriados.
Cheibriados was noncommittal.
You were not hungry.

You visited 2 branches of the dungeon, and saw 8 of its levels.

You collected 104 gold pieces.
You spent 66 gold pieces at shops.

Inventory:

Hand Weapons
 a - a +2 dagger of holy wrath (weapon)
   (You took it off an orc wizard on level 3 of the Dungeon)
 d - a +0 hunting sling
 i - a +0 dagger
 m - a +0 short sword
 r - the +1 rapier "Zerig" {flame, rElec rC- Dex+3}
   (You found it on level 4 of the Dungeon)

   It has been specially enchanted to burn those struck by it, causing extra
   injury to most foes and up to half again as much damage against particularly
   susceptible opponents.
   It affects your dexterity (+3).
   It makes you vulnerable to cold.
   It insulates you from electricity.
Missiles
 e - 29 stones
 g - 50 arrows
 h - 10 bolts
 k - a javelin (quivered)
Armour
 B - a +0 robe (worn)
 C - a scarf of resistance (worn)
   (You found it on level 1 of the Dungeon)
 E - a +0 helmet (worn)
Jewellery
 l - a ring of see invisible (left hand)
   (You found it on level 2 of the Dungeon)
Wands
 s - a wand of disintegration (7)
 u - a wand of random effects (14)
 v - a wand of polymorph (8)
Scrolls
 b - 3 scrolls of random uselessness {unknown}
 f - 2 scrolls of enchant weapon {unknown}
 q - a scroll of immolation
 t - a scroll of amnesia {unknown}
Potions
 j - a potion of degeneration
 n - a potion of magic
 o - a potion of might
 p - a potion of brilliance
Comestibles
 c - 5 rations


   Skills:
 + Level 2.1(1.2) Fighting
 + Level 2.1(1.2) Short Blades
 + Level 2.1(1.2) Long Blades
 + Level 2.1(1.2) Axes
 + Level 2.1(1.2) Maces & Flails
 + Level 2.1(1.2) Polearms
 + Level 2.1(1.2) Staves
 + Level 2.1(1.2) Slings
 + Level 2.1(1.2) Bows
 + Level 2.1(1.2) Crossbows
 + Level 2.1(1.2) Throwing
 + Level 2.1(1.2) Armour
 + Level 5.0(4.1) Dodging
 + Level 4.6(3.8) Stealth
 + Level 2.1(1.2) Shields
 + Level 2.1(1.2) Unarmed Combat
 + Level 5.4(4.5) Spellcasting
 + Level 1.6(0.8) Conjurations
 + Level 1.6(0.8) Hexes
 + Level 1.6(0.8) Charms
 + Level 7.3(6.3) Summonings
 + Level 1.6(0.8) Necromancy
 + Level 1.6(0.8) Translocations
 + Level 1.6(0.8) Transmutations
 + Level 1.6(0.8) Fire Magic
 + Level 1.6(0.8) Ice Magic
 + Level 1.6(0.8) Air Magic
 + Level 1.6(0.8) Earth Magic
 + Level 1.6(0.8) Poison Magic
 + Level 2.3(1.4) Invocations
 + Level 2.1(1.2) Evocations


You had 5 spell levels left.
You knew the following spells:

 Your Spells              Type           Power        Failure   Level  Hunger
a - Summon Small Mammal   Summ           ####         1%          1    None
c - Call Canine Familiar  Summ           ####....     2%          3    ##.....
i - Call Imp              Summ           ####....     1%          2    #......
L - Summon Lightning Spi  Summ/Air       ###.....     28%         4    ####...

Your spell library contained the following spells:

 Spells                   Type           Power        Failure   Level  Hunger
 Confusing Touch          Hex            #.....       9%          1    None
 Summon Guardian Golem    Hex/Summ       ###.....     9%          3    ##.....
 Confuse                  Hex            #.......     26%         3    ##.....
 Gell's Gravitas          Tloc           #.........   26%         3    ##.....
 Summon Ice Beast         Ice/Summ       ###.....     28%         4    ####...
 Petrify                  Tmut/Erth      #.......     65%         4    ####...
 Metabolic Englaciation   Hex/Ice        #.........   94%         5    ######.
 Yara's Violent Unravell  Hex/Tmut       #.........   94%         5    ######.


Dungeon Overview and Level Annotations

Branches:
Dungeon (7/15)             Temple (1/1) D:6

Altars:
Cheibriados
Dithmenos
Kikubaaqudgha
Makhleb
Okawaru
Qazlal
The Shining One

Shops:
D:6 ?


Innate Abilities, Weirdness & Mutations

Your experience applies equally to all skills.
You have very sharp teeth.
Your uncanny sense of smell can sniff out nearby items.


Message History

You hit the crimson imp.
The crimson imp convulses.
The crimson imp is severely wounded.
The crimson imp barely misses you.
You hit the crimson imp but do no damage.
The crimson imp is severely wounded.
The crimson imp barely misses you.
You hit the crimson imp but do no damage.
The crimson imp is heavily wounded.
The crimson imp misses you.
You closely miss the crimson imp. Your bite misses the crimson imp.
The crimson imp is heavily wounded.
You hit the crimson imp.
The crimson imp convulses.
The crimson imp is almost dead.
The crimson imp hits you but does no damage.
You hit the crimson imp.
The crimson imp convulses.
The crimson imp is almost dead.
The crimson imp hits you.
You hit the crimson imp.
The crimson imp convulses.
You kill the crimson imp!
You climb downwards.
Welcome to the Ecumenical Temple!
Found four altars.
There is a staircase back to the Dungeon here.
Unknown command.
Unknown command.
Found an ancient bone altar of Kikubaaqudgha.
Found a shadowy altar of Dithmenos.
There is a snail-covered altar of Cheibriados here.
You kneel at the altar of Cheibriados.
Cheibriados welcomes you!
Cheibriados begins to support your attributes as your movement slows.
You can now bend time to slow others.
There is a staircase back to the Dungeon here.
You climb upwards.
Welcome back to the Dungeon!
There is a staircase to the Ecumenical Temple here.
You see here a ration.
c - 5 rations (gained 1) Saving game... please wait.
Welcome back, tidbits the Gnoll Summoner.
Cheibriados says: Take it easy.
Press ? for a list of commands and other information.
Unknown command.
Unknown command.
Unknown command.
There is a stone staircase leading down here.
You climb downwards.
A wight comes into view. It is wielding a +0 scimitar.
Found 12 gold pieces and a shiny brass ring.
There is a stone staircase leading up here.
Unknown command.
Cast which spell? (? or * to list)
Aiming: Summon Lightning Spire (slightly dangerous; 17% risk of failure)
Press: ? - help, Dir - move target cursor An electric hum fills the air.
Unknown command.
You hit the wight but do no damage. You hit the wight but do no damage.
The wight hits you with a +0 scimitar!
You feel drained.
You closely miss the wight.
Your lightning spire shoots out a bolt of lightning at the wight!
The bolt of electricity hits the wight.
The wight hits you with a +0 scimitar!
* * * LOW HITPOINT WARNING * * *
You feel drained.
* * * LOW HITPOINT WARNING * * *
You hear a shout!
You hit the wight but do no damage.
The wight is moderately damaged.
Your lightning spire shoots out a bolt of lightning at the wight!
The bolt of electricity hits the wight.
The wight hits your lightning spire but does no damage.
You hit the wight but do no damage. You bite the wight, but do no damage.
The wight is severely damaged.
A wight comes into view. It is wielding a +0 hand axe.
Your lightning spire shoots out a bolt of lightning at the wight!
The bolt of electricity hits the wight.
The wight is destroyed!
Cheibriados appreciates the change of pace.
The bolt of electricity hits the wight.
Okay, then.
Throwing (i - inventory. (/) - cycle)
k - 2 javelins (quivered)
Press: ? - help, Shift-Dir - straight line, f - wight
Aim: a wight, wielding a +0 hand axe and wearing a +0 robe (moderately damaged)
You throw a javelin. The javelin barely misses the wight.
An orc comes into view. It is wielding a +0 flail.
You closely miss the wight.
The wight is moderately damaged.
The wight hits you with a cursed +0 hand axe.
* * * LOW HITPOINT WARNING * * *
The wight barely misses your lightning spire.
Your lightning spire shoots out a bolt of lightning at the wight!
The bolt of electricity hits the wight.
You hit the wight.
The wight convulses.
The wight is almost destroyed.
The orc hits you with a +0 flail.
* * * LOW HITPOINT WARNING * * *
You closely miss the wight.
The wight is almost destroyed.
The wight hits you with a cursed +0 hand axe.
* * * LOW HITPOINT WARNING * * *
You feel drained.
You die...

### #.(
#.# ∆
#z##.#
#@8..#
#o.###
...$.
##.....=
##.#.###
.#.# ∆
## #


You could see a wight, an orc and a friendly lightning spire.

Vanquished Creatures
  An ice beast (D:5)
  A crimson imp (D:6)
  A hound (D:4)
  An orc priest (D:6)
  An orc wizard (D:3)
  2 adders
  2 leopard geckos
  A giant cockroach (D:1)
  5 goblins
  A jackal (D:2)
  A quokka (D:4)
  A ball python (D:1)
  A frilled lizard (D:2)
  2 kobolds
  A rat (D:2)
22 creatures vanquished.

Vanquished Creatures (collateral kills)
  A black bear (D:6)
  A necrophage (D:6)
  A wight (D:7)
  2 orc wizards
  2 adders
  3 worms
  A dart slug (D:1)
  3 leopard geckos
  3 orcs
  2 giant cockroaches
  A goblin (D:1)
  A hobgoblin (D:2)
  2 quokkas (D:4)
  A bat (D:2)
  2 frilled lizards
  3 kobolds (D:2)
  A leopard gecko skeleton (D:4)
30 creatures vanquished.

Vanquished Creatures (others)
  10 toadstools (D:2)
10 creatures vanquished.

Grand Total: 62 creatures vanquished

Notes
Turn   | Place    | Note
-------+----------+-------------------------------------------
     0 | D:1      | tidbits the Gnoll Summoner began the quest for the Orb.
     0 | D:1      | Reached XP level 1. HP: 13/13 MP: 6/6
   116 | D:2      | Reached XP level 2. HP: 8/19 MP: 4/7
   190 | D:2      | Found an iron altar of Okawaru.
   214 | D:2      | Learned a level 2 spell: Call Imp
   289 | D:2      | Reached XP level 3. HP: 17/25 MP: 5/9
   294 | D:2      | Learned a level 3 spell: Call Canine Familiar
   308 | D:1      | Reached skill level 5 in Spellcasting
   497 | D:3      | Reached skill level 1 in Fighting
   497 | D:3      | Reached skill level 1 in Short Blades
   497 | D:3      | Reached skill level 1 in Long Blades
   497 | D:3      | Reached skill level 1 in Axes
   497 | D:3      | Reached skill level 1 in Maces & Flails
   497 | D:3      | Reached skill level 1 in Polearms
   497 | D:3      | Reached skill level 1 in Staves
   497 | D:3      | Reached skill level 1 in Slings
   497 | D:3      | Reached skill level 1 in Bows
   497 | D:3      | Reached skill level 1 in Crossbows
   497 | D:3      | Reached skill level 1 in Throwing
   497 | D:3      | Reached skill level 1 in Armour
   497 | D:3      | Reached skill level 1 in Shields
   497 | D:3      | Reached skill level 1 in Unarmed Combat
   497 | D:3      | Reached skill level 1 in Invocations
   497 | D:3      | Reached skill level 1 in Evocations
   497 | D:3      | Reached XP level 4. HP: 21/32 MP: 4/11
   526 | D:3      | Learned a level 4 spell: Summon Lightning Spire
   721 | D:4      | Reached skill level 1 in Conjurations
   721 | D:4      | Reached skill level 1 in Hexes
   721 | D:4      | Reached skill level 1 in Charms
   721 | D:4      | Reached skill level 1 in Necromancy
   721 | D:4      | Reached skill level 1 in Translocations
   721 | D:4      | Reached skill level 1 in Transmutations
   721 | D:4      | Reached skill level 1 in Fire Magic
   721 | D:4      | Reached skill level 1 in Ice Magic
   721 | D:4      | Reached skill level 1 in Air Magic
   721 | D:4      | Reached skill level 1 in Earth Magic
   721 | D:4      | Reached skill level 1 in Poison Magic
   759 | D:4      | Got a steaming rapier
   760 | D:4      | Identified the +1 rapier "Zerig" {flame, rElec rC- Dex+3}
                  | (You found it on level 4 of the Dungeon)
   818 | D:4      | Reached XP level 5. HP: 35/37 MP: 7/12
   860 | D:5      | Entered Level 5 of the Dungeon
   860 | D:5      | Noticed an ice beast
   867 | D:5      | Killed an ice beast
   906 | D:6      | Found Poadghaty's Magic Scroll Shoppe.
   922 | D:6      | Bought a scroll of magic mapping for 42 gold pieces
   922 | D:6      | Bought a scroll of identify for 24 gold pieces
   938 | D:6      | Noticed a necrophage
   943 | D:6      | Killed a necrophage
   943 | D:6      | Reached XP level 6. HP: 21/44 MP: 6/13
   977 | D:6      | Reached skill level 2 in Invocations
  1018 | D:6      | Noticed a black bear
  1024 | D:6      | Killed a black bear
  1024 | D:6      | Reached skill level 2 in Fighting
  1024 | D:6      | Reached skill level 2 in Short Blades
  1024 | D:6      | Reached skill level 2 in Long Blades
  1024 | D:6      | Reached skill level 2 in Axes
  1024 | D:6      | Reached skill level 2 in Maces & Flails
  1024 | D:6      | Reached skill level 2 in Polearms
  1024 | D:6      | Reached skill level 2 in Staves
  1024 | D:6      | Reached skill level 2 in Slings
  1024 | D:6      | Reached skill level 2 in Bows
  1024 | D:6      | Reached skill level 2 in Crossbows
  1024 | D:6      | Reached skill level 2 in Throwing
  1024 | D:6      | Reached skill level 2 in Armour
  1024 | D:6      | Reached skill level 5 in Dodging
  1024 | D:6      | Reached skill level 2 in Shields
  1024 | D:6      | Reached skill level 2 in Unarmed Combat
  1024 | D:6      | Reached skill level 2 in Evocations
  1042 | D:6      | Found a staircase to the Ecumenical Temple.
  1058 | Temple   | Entered the Ecumenical Temple
  1064 | Temple   | Became a worshipper of Cheibriados the Contemplative
  1104 | D:7      | HP: 1/44 [wight/cursed +0 hand axe (6)]
  1104 | D:7      | Slain by a wight

Vault maps used:
D:1:      saegor_arrival_simple_e
D:2:      cheibrodos_fertilizer, nicolae_overflow_hidden_temple, first_ration,
          chequers_serial_rivers_micro_b, minmay_pentomino_o2, uniq_terence
D:3:      uniq_grinder, uniq_jessica
D:4:      st_stairs_12, serial_park_tiny_2, kennysheep_generic_room_8
D:5:      minmay_guarded_unrand_staff_of_olgreb
D:6:      minmay_temple_entry_statues_fountains, serial_shops, shop
D:7:      minivault_4, the_bakery
Temple:   nicolae_temple_the_god_donut

Skill      XL: |  1  2  3  4  5  6 |
---------------+-------------------+-----
Spellcasting   | 5 |  5.4
Fighting       | 1 2 |  2.1
Short Blades   | 1 2 |  2.1
Long Blades    | 1 2 |  2.1
Axes           | 1 2 |  2.1
Maces & Flails | 1 2 |  2.1
Polearms       | 1 2 |  2.1
Staves         | 1 2 |  2.1
Slings         | 1 2 |  2.1
Bows           | 1 2 |  2.1
Crossbows      | 1 2 |  2.1
Throwing       | 1 2 |  2.1
Armour         | 1 2 |  2.1
Shields        | 1 2 |  2.1
Unarmed Combat | 1 2 |  2.1
Invocations    | 1 2 |  2.3
Evocations     | 1 2 |  2.1
Conjurations   | 1 |  1.6
Hexes          | 1 |  1.6
Charms         | 1 |  1.6
Necromancy     | 1 |  1.6
Translocations | 1 |  1.6
Transmutations | 1 |  1.6
Fire Magic     | 1 |  1.6
Ice Magic      | 1 |  1.6
Air Magic      | 1 |  1.6
Earth Magic    | 1 |  1.6
Poison Magic   | 1 |  1.6
Dodging        | 5 |  5.0
Stealth        | |  4.6
Summonings     | |  7.3

Action                   |  1- 3 |  4- 6 || total
-------------------------+-------+-------++-------
Melee: Short sword       |    16 |       ||    16
       Bite              |     1 |     4 ||     5
       Dagger            |       |    46 ||    46
       Rapier            |       |     5 ||     5
Throw: Javelin           |    20 |     7 ||    27
       Stone             |     2 |     1 ||     3
 Cast: Summon Small Mamm |    11 |       ||    11
       Call Imp          |     2 |       ||     2
       Call Canine Famil |     3 |     3 ||     6
       Summon Lightning  |       |     6 ||     6
  Use: Scroll            |       |     4 ||     4
       Potion            |       |     3 ||     3
 Stab: Sleeping          |     3 |     1 ||     4
       Distracted        |       |     1 ||     1
  Eat: Chunk             |       |     2 ||     2
Armor: Robe              |     5 |     6 ||    11
Dodge: Dodged            |    14 |    25 ||    39

Table legend:
 A = Non-vault XP
 B = Vault XP
 C = Vault XP percentage of total XP
 D = Non-vault monster count
 E = Vault monster count
 F = Vault count percentage of total count
                 A         B        C        D         E       F
            +---------+---------+-------+---------+---------+-------
      Total |     535 |      24 |   4.3 |      49 |       3 |   5.8
            +---------+---------+-------+---------+---------+-------
        D:1 |      14 |       0 |   0.0 |       8 |       0 |   0.0
        D:2 |      30 |       2 |   6.2 |      15 |       1 |   6.2
        D:3 |      41 |       0 |   0.0 |       7 |       0 |   0.0
        D:4 |      67 |      22 |  24.7 |       9 |       2 |  18.2
        D:5 |     101 |       0 |   0.0 |       2 |       0 |   0.0
        D:6 |     253 |       0 |   0.0 |       7 |       0 |   0.0
        D:7 |      29 |       0 |   0.0 |       1 |       0 |   0.0
            +---------+---------+-------+---------+---------+-------

Table legend:
 A = Turns spent in this place as a percentage of turns spent in the entire game.
 B = Non-inter-level travel turns spent in this place as a percentage of non-inter-level travel turns spent in the entire game.
 C = Inter-level travel turns spent in this place as a percentage of turns spent in this place.
 D = Turns resting spent in this place as a percentage of non-inter-level travel turns spent in this place.
 E = Turns spent auto-exploring this place as a percentage of non-inter-level travel turns spent in this place.
 F = Non-inter-level travel turns spent in this place divided by the number of levels of this place that you've seen.
                   A       B       C       D       E      F
               +-------+-------+-------+-------+-------+----------------------
         Total | 100.0 | 100.0 |   0.0 |   0.0 |   0.0 | 138.0
       Dungeon |  98.8 |  98.8 |   0.0 |   0.0 |   0.0 | 155.9
        Temple |   1.2 |   1.2 |   0.0 |   0.0 |   0.0 |  13.0
               +-------+-------+-------+-------+-------+----------------------

Table legend:
 A = Kills in this place as a percentage of kills in entire the game.
 B = Kills by you in this place as a percentage of kills by you in the entire game.
 C = Kills by friends in this place as a percentage of kills by friends in the entire game.
 D = Other kills in this place as a percentage of other kills in the entire game.
 E = Experience gained in this place as a percentage of experience gained in the entire game.
 F = Experience gained in this place divided by the number of levels of this place that you have seen.
                   A       B       C       D       E      F
               +-------+-------+-------+-------+-------+----------------------
         Total | 100.0 | 100.0 | 100.0 |   N/A | 100.0 |  69.9
       Dungeon | 100.0 | 100.0 | 100.0 |   N/A | 100.0 |  79.9
               +-------+-------+-------+-------+-------+----------------------

Vault maps used:
D:1:      saegor_arrival_simple_e
D:2:      cheibrodos_fertilizer, nicolae_overflow_hidden_temple, first_ration,
          chequers_serial_rivers_micro_b, minmay_pentomino_o2, uniq_terence
D:3:      uniq_grinder, uniq_jessica
D:4:      st_stairs_12, serial_park_tiny_2, kennysheep_generic_room_8
D:5:      minmay_guarded_unrand_staff_of_olgreb
D:6:      minmay_temple_entry_statues_fountains, serial_shops, shop
D:7:      minivault_4, the_bakery
Temple:   nicolae_temple_the_god_donut
